 Dungeon Crawl Stone Soup version 0.17-a0-1411-g06ff558 (webtiles) character file.

14 matakusis the Skirmisher (level 2, 0/19 HPs)
             Began as a Gargoyle Berserker on June 1, 2015.
             Was a Follower of Trog.
             Slain by a giant gecko (4 damage)
             ... on level 2 of the Dungeon on June 23, 2015.
             The game lasted 00:04:51 (1324 turns).

matakusis the Skirmisher (Gargoyle Berserker)       Turns: 1324, Time: 00:04:51

Health: 0/19       AC:  6    Str: 20    XL:     2   Next: 41%
Magic:  2/2        EV: 12    Int:  7    God:    Trog [*.....]
Gold:   35         SH:  0    Dex:  9    Spells: 0 memorised, 1 level left

rFire  + . .     SeeInvis .     a - +0 mace
rCold  . . .     Clarity  .     b - +0 animal skin
rNeg   + . .     SustAt   .     (no shield)
rPois  ∞         Gourm    .     (no helmet)
rElec  +         Spirit   .     (no cloak)
rCorr  .         Warding  .     (no gloves)
rMut   .         Stasis   .     d - +0 pair of boots
MR     .....                    (no amulet)
Stlth  +.........               (no ring)
                                e - ring of protection from fire

@: not resistant to hostile enchantments, very unstealthy
A: negative energy resistance 1, electricity resistance, unbreathing,
petrification resistance, rot immunity, AC +2
a: Burn Spellbooks, Berserk, Renounce Religion


You were on level 2 of the Dungeon.
You worshipped Trog.
Trog was aware of your devotion.
You were very hungry.

You visited 1 branch of the dungeon, and saw 2 of its levels.

You collected 35 gold pieces.

Inventory:

Hand weapons
 a - a +0 mace (weapon)
Armour
 b - a +0 animal skin (worn)
 d - a +0 pair of boots (worn)
Jewellery
 e - a ring of protection from fire (left hand)
Comestibles
 c - 2 bread rations


   Skills:
 + Level 3.3 Fighting
 + Level 3.3 Maces & Flails
 + Level 2.2 Armour
 + Level 2.0 Dodging


You had one spell level left.
You didn't know any spells.

Dungeon Overview and Level Annotations

Branches:
Dungeon (2/15)

Altars:


Innate Abilities, Weirdness & Mutations

You are resistant to torment.
Your stone body is resilient (AC +2).
You are immune to poison.
You resist negative energy.
You are resistant to electric shocks.
You can survive without breathing.
You are immune to petrification.
You are immune to rotting.


Message History

The giant gecko closely misses you. The giant cockroach misses you.
The giant gecko bites you but does no damage.
The giant cockroach closely misses you. The giant gecko barely misses you.
The giant cockroach closely misses you.
The giant gecko bites you but does no damage.
The giant cockroach barely misses you. The giant gecko closely misses you.
The giant cockroach bites you but does no damage.
The giant gecko misses you. The giant cockroach closely misses you.
The giant gecko bites you but does no damage.
The giant cockroach bites you but does no damage.
The giant gecko bites you but does no damage.
The giant cockroach bites you but does no damage.
The giant gecko bites you.
* * * LOW HITPOINT WARNING * * *
The giant cockroach barely misses you. The giant gecko barely misses you.
The giant cockroach barely misses you. The giant gecko barely misses you.
The giant cockroach bites you but does no damage.
The giant gecko barely misses you. The giant cockroach barely misses you.
The giant gecko bites you.
You die...

..#.... #....#
#......##....#
..........#..# $
#...%.....)..### ..
........<......#...
##............?....
#..#............#.
#........s........
#.....>..l@##.####
#.(.........# ..
...............###
..........##......
......... ......
....... ......
....... ......
....... #.....
....... ...#


You could see a giant gecko and a giant cockroach.

Vanquished Creatures
  3 goblins (D:1)
  2 hobgoblins (D:1)
  2 bats (D:1)
  2 giant cockroaches (D:1)
  2 kobolds (D:1)
  4 rats (D:1)
15 creatures vanquished.

Notes
Turn   | Place    | Note
--------------------------------------------------------------
     0 | D:1      | matakusis the Gargoyle Berserker began the quest for the Orb.
     0 | D:1      | Reached XP level 1. HP: 14/14 MP: 1/1
    97 | D:1      | Upgraded the game from 0.17-a0-1184-gb75be8f to 0.17-a0-1411-g06ff558
   354 | D:1      | Reached XP level 2. HP: 12/19 MP: 2/2
  1324 | D:2      | Slain by a giant gecko

Vault maps used:
D:1:      dpeg_arrival_erosion
D:2:      grunt_dithmenos_smoke_and_mirrors

Action                   || total
-------------------------++-------
Melee: Mace              ||    43
